 Dungeon Crawl Stone Soup version 0.30-a0-42-g806c11bf1d (webtiles) character file.

Game seed: 4351961519997587118

262 IdlyInterested the Slasher (level 5, -2/63 HPs)
             Began as a Demonspawn Fighter on Aug 30, 2022.
             Slain by an orc
             ... wielding a +0 trident
              (4 damage)
             ... on level 4 of the Dungeon.
             The game lasted 00:09:04 (3019 turns).

IdlyInterested the Slasher (Demonspawn Fighter)     Turns: 3019, Time: 00:09:05

Health: -2/63      AC:  6    Str: 16    XL:     5   Next: 97%
Magic:  5/5        EV: 12    Int: 10    God:
Gold:   190        SH:  4    Dex: 14    Spells: 4/4 levels left

rFire   . . .      SeeInvis .    a - +0 long sword (elec)
rCold   . . .      Faith    .    c - +0 buckler
rNeg    . . .      Spirit   .    h - +0 troll leather armour
rPois   .          Reflect  .    (helmet restricted)
rElec   .          Harm     .    (no cloak)
rCorr   .          Rampage  .    f - +0 pair of gloves
Will    .....                    (no boots)
Stlth   ..........               l - amulet of magic regeneration
HPRegen 1.00/turn                (no ring)
MPRegen 0.49/turn                (no ring)

@: brilliant, berserking, very quick
A: horns 1, rugged brown scales 1
a: no special abilities


You were on level 4 of the Dungeon.
You visited 1 branch of the dungeon, and saw 4 of its levels.

You collected 190 gold pieces.

Inventory:

Hand Weapons
 a - a +0 long sword of electrocution (weapon)
 e - a +0 long sword
 q - a +2 dagger of venom
Missiles
 i - 9 poisoned darts (quivered)
Armour
 b - a +1 scale mail
 c - a +0 buckler (worn)
 f - a +0 pair of gloves (worn)
 h - a +0 troll leather armour (worn)
 r - a +0 buckler
Jewellery
 l - an amulet of magic regeneration (around neck)
Wands
 g - a wand of flame (10)
Scrolls
 j - a scroll of blinking {unknown}
 n - 2 scrolls of teleportation
Potions
 d - a potion of might
 k - a potion of cancellation
 m - 4 potions of curing


   Skills:
 - Level 3.0 Fighting
 * Level 4.5 Long Blades
 - Level 1.0 Throwing
 - Level 2.6 Armour
 - Level 3.0 Dodging
 - Level 2.6 Shields
 + Level 0.0 Evocations


You had 4 spell levels left.
You didn't know any spells.
Your spell library contained the following spells:

 Spells                   Type           Power      Damage    Failure   Level
 Foxfire                  Conj/Fire      0%         2x1d4     52%         1
 Conjure Flame            Conj/Fire      0%         6-21      88%         3
 Inner Flame              Hex/Fire       0%         N/A       88%         3
 Flame Wave               Conj/Fire      0%         2d4       99%         4


Dungeon Overview and Level Annotations

Branches:
Dungeon (4/15)
 Temple: D:4-7

Altars:
Dithmenos
Nemelex Xobeh
Uskayaw


Innate Abilities, Weirdness & Mutations

You have a pair of small horns on your head.
You are partially covered in rugged brown scales. (AC +1, +3% HP)


Message History

The orc hits you but does no damage.
The orc throws a stone.
The stone hits you but does no damage. The orc barely misses you.
It was a potion of berserk rage.
A red film seems to cover your vision as you go berserk!
You feel yourself moving faster!
You feel mighty! The orc closely misses you.
The orc hits you but does no damage.
The orc hits you with a +2 hand axe of freezing.
* * * LOW HITPOINT WARNING * * *
The orc freezes you.
* * * LOW HITPOINT WARNING * * *
The centaur unwields a +0 shortbow.
The centaur closely misses you.
The centaur kicks you but does no damage.
You slash the centaur! Lightning courses through the centaur!
The centaur is severely wounded.
The orc hits you but does no damage. The orc barely misses you.
You block the orc's attack. You block the centaur's attack.
The centaur kicks you but does no damage.
Unknown command.
You slash the centaur!
You kill the centaur!
The orc barely misses you. You block the orc's attack.
The orc completely misses you.
Training target 1.0 for Throwing reached!
Your Long Blades skill increases to level 4!
Your Throwing skill increases to level 1!
You slash the orc!
You kill the orc!
The orc hits you from afar with a +0 trident.
* * * LOW HITPOINT WARNING * * *
The orc barely misses you.
You barely miss the orc. You block the giant cockroach's attack.
The orc hits you with a +0 dagger.
* * * LOW HITPOINT WARNING * * *
The orc barely misses you.
Unknown command.
You slash the orc!
You kill the orc!
You block the giant cockroach's attack.
The orc hits you from afar with a +0 trident.
You die...

.................#...
#.................
##.####........... #
#...........
#....####... ##...#
.... ##..# §.§
..#####.#o§§
#......@§§§§..§
#####.#)B§§.._§
###..§§.§.§ ###§§§§§§
#.# #§§.§§ #.. #§ §§
#.... #.### #


You could see an orc and a giant cockroach.

Vanquished Creatures
  Sigmund (D:3)
  A centaur (D:4)
  Robin (D:3)
  3 adders (D:3)
  A gnoll (D:2)
  A worm (D:2)
  2 dart slugs
  6 orcs
  7 bats
  3 endoplasms
  4 giant cockroaches
  12 goblins
  10 hobgoblins
  7 kobolds
  5 quokkas
  6 ball pythons
  A frilled lizard (D:2)
  8 rats
79 creatures vanquished.

Vanquished Creatures (others)
  3 plants (D:1)
  4 withered plants (D:1)
7 creatures vanquished.

Grand Total: 86 creatures vanquished

Notes
Turn   | Place    | Note
-------+----------+-------------------------------------------
     0 | D:1      | IdlyInterested the Demonspawn Fighter began the quest for
                  | the Orb.
     0 | D:1      | Reached XP level 1. HP: 18/18 MP: 1/1
   138 | D:1      | Reached skill level 2 in Long Blades
   154 | D:1      | Reached skill level 1 in Dodging
   154 | D:1      | Gained mutation: You are partially covered in rugged brown
                  | scales. (AC +1, +3% HP) [demonic ancestry]
   154 | D:1      | Reached XP level 2. HP: 14/24 MP: 2/2
   416 | D:1      | Found a faded altar of an unknown god.
  1228 | D:2      | Gained mutation: You have a pair of small horns on your
                  | head. [demonic ancestry]
  1228 | D:2      | Reached XP level 3. HP: 27/29 MP: 3/3
  2412 | D:3      | Reached skill level 3 in Long Blades
  2450 | D:3      | Reached XP level 4. HP: 33/36 MP: 4/4
  2648 | D:3      | Identified the +0 helmet of Noon {rC+ Int+3}
  2648 | D:3      | Noticed Robin
  2678 | D:3      | Killed Robin
  2719 | D:3      | Found a sparkling altar of Nemelex Xobeh.
  2765 | D:3      | Found a hide-covered altar of Uskayaw.
  2766 | D:3      | Noticed Sigmund
  2807 | D:3      | Killed Sigmund
  2808 | D:3      | Reached XP level 5. HP: 42/42 MP: 5/5
  3000 | D:4      | Found a shadowy altar of Dithmenos.
  3000 | D:4      | Noticed a centaur
  3012 | D:4      | HP: 2/42 [orc/+0 trident (3)]
  3016 | D:4      | Killed a centaur
  3017 | D:4      | Reached skill level 4 in Long Blades
  3017 | D:4      | Reached skill level 1 in Throwing
  3018 | D:4      | HP: 1/63 [orc/+0 dagger (3)]
  3019 | D:4      | Slain by an orc

Illustrated notes

Levels and vault maps discovered:
D:1:      amcnicky_arrival_abandoned_market, layout_basic,
          shapermc_ecumenical_altar_flowoftime
D:2:      layout_basic, kennysheep_generic_room_14
D:3:      layout_basic, nemelex_altar_shiori, mainiacjoe_overflow_brackets,
          corexii_corridor_pit, uniq_robin, uniq_sigmund
D:4:      wad_lake_hut, layout_rooms, mainiacjoe_overflow_alcove_4,
          cheibriados_altar_1, nicolae_dithmenos_the_darkroom

Skill      XL: |  1  2  3  4  5 |
---------------+----------------+-----
Long Blades    | 2 3 4 |  4.5
Dodging        | 1 2 3 |  3.0
Throwing       | 1 |  1.0
Fighting       | |  3.0
Armour         | |  2.6
Shields        | |  2.6

Action                   |  1- 3 |  4- 6 || total
-------------------------+-------+-------++-------
Melee: Long sword        |   127 |   104 ||   231
       Headbutt          |    13 |    14 ||    27
Throw: Stone             |       |     1 ||     1
  Use: Scroll            |     9 |       ||     9
       Potion            |       |     2 ||     2
Armor: Scale mail        |    60 |       ||    60
       Troll leather arm |    17 |    35 ||    52
Dodge: Dodged            |    79 |    89 ||   168
Block: Buckler           |    33 |    31 ||    64

Table legend: (Time is in decaauts)
 A = Elapsed time spent in this place.
 B = Non-inter-level travel time spent in this place.
 C = Inter-level travel time spent in this place.
 D = Time resting spent in this place.
 E = Time spent auto-exploring this place.
 F = Levels seen in this place.
 G = Mean time per level.
                   A        B        C        D        E       F      G
               +--------+--------+--------+--------+--------+-----+--------+
         Total |   3089 |   2750 |    339 |    351 |   1593 |   4 |  772.2 |
       Dungeon |   3089 |   2750 |    339 |    351 |   1593 |   4 |  772.2 |
               +--------+--------+--------+--------+--------+-----+--------+

Top non-repeatable levels by time:
     D:2: 1336 daAuts
     D:1: 983 daAuts
     D:3: 713 daAuts
     D:4: 55 daAuts
